 Dungeon Crawl Stone Soup version 0.30-a0-702-gdf48620a09 (webtiles) character file.

Game seed: 7206578300984026013

793 experimilk the Destroyer (level 7, -1/75 HPs)
             Began as a White Draconian Conjurer on Jan 21, 2023.
             Was an Initiate of Vehumet.
             Succumbed to a water moccasin's poison
             ... on level 5 of the Dungeon.
             The game lasted 00:11:51 (7113 turns).

experimilk the Destroyer (White Draconian Conjurer) Turns: 7113, Time: 00:11:52

Health: -1/75      AC: 23    Str:  9    XL:     7   Next: 57%
Magic:  1/10       EV:  2    Int: 21    God:    Vehumet [......]
Gold:   235        SH:  0    Dex: 15    Spells: 0/10 levels left

rFire   . . .      SeeInvis .    j - +0 short sword
rCold   . . .      Faith    .    (no shield)
rNeg    . . .      Spirit   .    (body armour unavailable)
rPois   +          Reflect  .    (helmet currently unavailable)
rElec   .          Harm     .    (cloak currently unavailable)
rCorr   .          Rampage  .    (gloves currently unavailable)
Will    .....      NoTele   +    (boots currently unavailable)
Stlth   ++                       (no amulet)
HPRegen 0.32/turn                i - +6 ring of dexterity
MPRegen 0.12/turn                (no ring)

@: brilliant, lethally poisoned (-1 -> -19), tree-form
A: stationary, stasis, torment immunity, boosted hp, (breathe frost), AC +6,
unfitting armour, (cold resistance 1), (cold-blooded)
a: Renounce Religion


You were on level 5 of the Dungeon.
You worshipped Vehumet.
Vehumet was noncommittal.
You were a tree.
You visited 2 branches of the dungeon, and saw 6 of its levels.
You also visited: Sewer.

You collected 235 gold pieces.

Inventory:

Hand Weapons
 j - a +0 short sword (weapon)
 l - a +0 sling
Magical Staves
 c - a staff of death
Jewellery
 i - a +6 ring of dexterity (left branch)
 t - a ring of fire
Wands
 p - a wand of polymorph (12)
 s - a wand of flame (5)
Scrolls
 b - a scroll of poison
 d - a scroll of teleportation
 f - a scroll of identify
 h - 3 scrolls of enchant armour
 o - a scroll of vulnerability {unknown}
Potions
 k - a potion of haste {unknown}
 n - a potion of brilliance
 q - 3 potions of cancellation
 r - 3 potions of mutation


   Skills:
 - Level 1.7 Dodging
 - Level 1.7 Stealth
 + Level 2.3 Spellcasting
 + Level 8.8 Conjurations
 * Level 1.8 Translocations
 * Level 2.4 Ice Magic


You couldn't memorise any spells.
You knew the following spells:

 Your Spells              Type           Power      Damage    Failure   Level
a - Magic Dart            Conj           100%       1d8       1%          1
c - Iskenderun's Mystic   Conj/Tloc      37%        2d9       16%         4
x - Ozocubu's Armour      Ice            18%        N/A       16%         3
z - Searing Ray           Conj           100%       2d8       1%          2

Your spell library contained the following spells:

 Spells                   Type           Power      Damage    Failure   Level
 Dazzling Flash           Conj/Hex       62%        N/A       7%          3
 Fulminant Prism          Conj/Hex       15%        3d10      22%         4
 Manifold Assault         Tloc           15%        N/A       54%         4
 Dispersal                Tloc           7%         N/A       100%        6
 Ozocubu's Refrigeration  Ice            9%         4d9       100%        7
 Disjunction              Tloc           7%         N/A       100%        8


Dungeon Overview and Level Annotations

Branches:
Dungeon (5/15)             Temple (1/1) D:4           Sewer (visited)

Altars:
Ashenzari
Cheibriados
Elyvilon
Fedhas
Hepliaklqana
Kikubaaqudgha
Makhleb
Nemelex Xobeh
Okawaru
Qazlal
Ru
Sif Muna
Uskayaw
Vehumet
Wu Jian
Xom
The Shining One


Innate Abilities, Weirdness & Mutations

You are a tree.
Your roots penetrate the ground, keeping you stationary.
You cannot be teleported.
You are immune to unholy pain and torment.
Your maximum health is greatly increased.
Your equipment is partially melded.
((You can breathe waves of freezing cold which knock back foes.))
((Your icy white scales are hard. (AC +6)))
You cannot fit into any form of body armour.
((Your flesh is cold resistant. (rC+)))
((You are cold-blooded and may be slowed by cold attacks.))


Message History

You feel very sick. The water moccasin misses you.
You barely miss the water moccasin.
The water moccasin is heavily wounded.
You feel very sick.
The water moccasin bites you but does no damage.
The water moccasin barely misses you.
You hit the water moccasin.
The water moccasin is severely wounded.
You feel sick. The water moccasin bites you.
You hit the water moccasin.
The water moccasin is severely wounded.
You feel sick.
The water moccasin barely misses you. x2
You closely miss the water moccasin.
The water moccasin is severely wounded.
You feel sick. The water moccasin barely misses you.
You barely miss the water moccasin.
The water moccasin is severely wounded.
You feel sick. The water moccasin bites you.
You are more poisoned.
The water moccasin poisons you!
As you read the scroll of teleportation, it crumbles to dust.
You feel strangely unstable.
You feel very sick. The water moccasin bites you.
The water moccasin barely misses you.
A quokka comes into view.
You feel very sick.
The water moccasin attacks as you move away!
The water moccasin bites you.
You feel sick. The water moccasin bites you!
* * * LOW HITPOINT WARNING * * *
The water moccasin attacks as you move away!
The water moccasin bites you.
* * * LOW HITPOINT WARNING * * *
You are more poisoned.
The water moccasin poisons you!
* * * LOW HITPOINT WARNING * * *
You feel very sick.
It was a potion of lignification.
You turn into a tree.
Your roots penetrate the ground.
You feel strangely stable.
You die...

. ### .. #####.##
##...
####..#...##.$...
##.>...#...#......
#............#....
#.........♣.......
##......S..#...##
#..........#...#
#....#........r
##.........##...
#..............
#).........#...
##............
#.....##....#


You could see a water moccasin.

Vanquished Creatures
  An ice beast (D:4)
  An ogre (D:4)
  A phantom (D:5)
  2 kobold brigands (Sewer)
  2 hounds
  2 orc priests
  An orc wizard (D:3)
  4 gnolls (D:4)
  8 adders
  2 river rats (Sewer)
  An ufetubus (D:4)
  3 worms
  2 dart slugs
  4 orcs
  9 bats
  6 endoplasms
  6 giant cockroaches
  8 goblins
  3 hobgoblins
  4 quokkas
  9 ball pythons
  3 frilled lizards
  25 kobolds
  18 rats
125 creatures vanquished.

Vanquished Creatures (others)
  7 fungi (D:5)
  4 toadstools (D:5)
11 creatures vanquished.

Grand Total: 136 creatures vanquished

Notes
Turn   | Place    | Note
-------+----------+-------------------------------------------
     0 | D:1      | experimilk the Draconian Conjurer began the quest for the
                  | Orb.
     0 | D:1      | Reached XP level 1. HP: 14/14 MP: 3/3
   213 | D:1      | Reached XP level 2. HP: 20/20 MP: 0/5
   429 | D:1      | Learned a level 2 spell: Searing Ray
  1331 | D:2      | Reached skill level 5 in Conjurations
  1426 | D:2      | Reached XP level 3. HP: 26/26 MP: 4/6
  2624 | D:3      | Found a glowing drain.
  2641 | D:3      | Reached XP level 4. HP: 33/33 MP: 3/7
  2659 | D:3      | Reached skill level 6 in Conjurations
  2669 | Sewer    | Entered a sewer
  3071 | Sewer    | Noticed a kobold brigand
  3087 | Sewer    | Killed a kobold brigand
  3088 | Sewer    | Reached XP level 5. HP: 34/38 MP: 0/8
  3440 | Sewer    | Reached skill level 7 in Conjurations
  3451 | Sewer    | Reached XP level 6. HP: 27/45 MP: 0/9
  4881 | D:3      | Found a broken altar of Ashenzari.
  4882 | D:3      | Found a hide-covered altar of Uskayaw.
  5129 | D:3      | Found a blossoming altar of Fedhas.
  5195 | D:4      | Found an ornate altar of the Wu Jian Council.
  5203 | D:4      | Reached skill level 8 in Conjurations
  5262 | D:4      | Found a snail-covered altar of Cheibriados.
  5263 | D:4      | Found a burning altar of Makhleb.
  5263 | D:4      | Found a sacrificial altar of Ru.
  5266 | D:4      | Found a white marble altar of Elyvilon.
  5266 | D:4      | Found an ancient bone altar of Kikubaaqudgha.
  5608 | D:4      | Noticed an ice beast
  5613 | D:4      | Killed an ice beast
  5614 | D:4      | Your scales start taking on an icy white colour.
  5614 | D:4      | Reached XP level 7. HP: 50/50 MP: 4/10
  5614 | D:4      | Gained mutation: Your flesh is cold resistant. (rC+) [White
                  | Draconian growth]
  5667 | D:4      | Learned a level 3 spell: Ozocubu's Armour
  5672 | D:4      | Learned a level 4 spell: Iskenderun's Mystic Blast
  5737 | D:4      | Found a staircase to the Ecumenical Temple.
  5744 | Temple   | Entered the Ecumenical Temple
  5779 | Temple   | Became a worshipper of Vehumet
  5840 | D:4      | Reached skill level 1 in Translocations
  5840 | D:4      | Reached skill level 1 in Ice Magic
  6275 | D:5      | Entered Level 5 of the Dungeon
  6907 | D:5      | HP: 2/50 [orc priest/divine providence (16)]
  7112 | D:5      | HP: 2/50 [poisoned by a water moccasin]
  7113 | D:5      | Succumbed to a water moccasin's poison

Illustrated notes

Levels and vault maps discovered:
D:1:      dpeg_arrival_simpleton_a, layout_basic
D:2:      layout_basic
D:3:      layout_loops_ring, fedhas_altar_fruit_tree,
          gammafunk_temple_overflow_statue, gup_sewer_entry_glass
D:4:      layout_cave_pods, grunt_temple_overflow_open,
          minmay_temple_entry_junction
D:5:      layout_cave_pools, mainiacjoe_overflow_alcove_1,
          gammafunk_ghost_abyssal_escape, hangedman_decor_growths,
          minmay_gold_behind_fungi
Temple:   compressed_dpeg_circular_temple

Skill      XL: |  1  2  3  4  5  6  7 |
---------------+----------------------+-----
Conjurations   | 5 6 7 8 |  8.8
Translocations | 1 |  1.8
Ice Magic      | 2 |  2.4
Dodging        | |  1.7
Stealth        | |  1.7
Spellcasting   | |  2.3

Action                   |  1- 3 |  4- 6 |  7- 9 || total
-------------------------+-------+-------+-------++-------
Melee: Club              |    13 |       |       ||    13
       Short sword       |    10 |       |     6 ||    16
       Dagger            |     3 |       |       ||     3
       Tailslap          |     3 |       |       ||     3
 Fire: Sling             |    33 |   132 |    41 ||   206
 Cast: Magic Dart        |    53 |     5 |     1 ||    59
       Searing Ray       |     5 |    32 |    12 ||    49
       Ozocubu's Armour  |       |       |     1 ||     1
 Abil: Breathe Frost     |       |       |     4 ||     4
Evoke: Wand              |       |       |     1 ||     1
  Use: Scroll            |     1 |       |    10 ||    11
       Potion            |       |     3 |     5 ||     8
Armor: Skin              |    10 |    37 |    25 ||    72
Dodge: Dodged            |    28 |    66 |    76 ||   170

Table legend: (Time is in decaauts)
 A = Elapsed time spent in this place.
 B = Non-inter-level travel time spent in this place.
 C = Inter-level travel time spent in this place.
 D = Time resting spent in this place.
 E = Time spent auto-exploring this place.
 F = Levels seen in this place.
 G = Mean time per level.
                   A        B        C        D        E       F      G
               +--------+--------+--------+--------+--------+-----+--------+
         Total |   7210 |   6878 |    332 |   1830 |   4175 |   7 | 1030.0 |
       Dungeon |   5736 |   5413 |    323 |   1211 |   3541 |   5 | 1147.2 |
        Temple |     45 |     36 |      9 |      0 |     21 |   1 |   45.0 |
         Sewer |   1428 |   1428 |      0 |    619 |    613 |   1 | 1428.0 |
               +--------+--------+--------+--------+--------+-----+--------+

Top non-repeatable levels by time:
     D:4: 1686 daAuts
     D:2: 1551 daAuts
   Sewer: 1428 daAuts
     D:1: 1236 daAuts
     D:3: 1024 daAuts
     D:5: 237 daAuts
  Temple: 45 daAuts
